 Dungeon Crawl Stone Soup version 0.20-a0-971-g5896763 (webtiles) character file.

61 Gorglomux the Chopper (level 3, 0/29 HPs)
             Began as a Demonspawn Abyssal Knight on Apr 8, 2017.
             Was a Believer of Lugonu.
             Succumbed to an adder's poison
             ... on level 2 of the Dungeon.
             The game lasted 00:03:10 (1038 turns).

Gorglomux the Chopper (Demonspawn Abyssal Knight)   Turns: 1038, Time: 00:03:11

Health: 0/29       AC:  5    Str: 12    XL:     3   Next: 83%
Magic:  4/4        EV: 11    Int: 13    God:    Lugonu [**....]
Gold:   58         SH:  0    Dex: 13    Spells: 2/2 levels left

rFire    . . .     SeeInvis .   a - +1 hand axe
rCold    . . .     Gourm    .   (no shield)
rNeg     . . .     Faith    .   b - +0 leather armour
rPois    .         Spirit   +   (no helmet)
rElec    .         Reflect  .   (no cloak)
rCorr    +         Harm     .   (no gloves)
MR       .....                  (no boots)
Stlth    +.........             (no amulet)
Regen    0.1/turn               g - ring of resist corrosion
MPRegen  0.1/turn               (no ring)

@: lethally poisoned (0 -> -10)
A: yellow scales 1, magic shield
a: Depart the Abyss, Bend Space, Renounce Religion


You were on level 2 of the Dungeon.
You worshipped Lugonu.
Lugonu was pleased with you.
You were hungry.

You visited 1 branch of the dungeon, and saw 2 of its levels.
You visited the Abyss 1 time.

You collected 58 gold pieces.

Inventory:

Hand Weapons
 a - a +1 hand axe (weapon)
Armour
 b - a +0 leather armour (worn)
Jewellery
 g - a ring of resist corrosion (left hand)
Scrolls
 d - 2 scrolls of fog {unknown}
 e - a scroll of recharging {unknown}
 h - 2 scrolls of enchant weapon {unknown}
 i - 3 scrolls of fear {unknown}
 k - 2 scrolls of remove curse {unknown}
 l - a scroll of identify {unknown}
Comestibles
 c - 2 bread rations
 f - 6 chunks of flesh
 j - a meat ration


   Skills:
 - Level 3.0 Fighting
 + Level 3.8 Axes
 - Level 1.7 Armour
 - Level 0.8 Dodging
 - Level 2.4 Invocations


You had 2 spell levels left.
You didn't know any spells.

Dungeon Overview and Level Annotations

Branches:
Dungeon (2/15)

Altars:


Innate Abilities, Weirdness & Mutations

You are partially covered in yellow scales. (AC +2)
When hurt, damage is shared between your health and your magic reserves.


Message History

Unknown command.
* * * LOW HITPOINT WARNING * * *
You feel sick.
You aren't carrying any potions.
You aren't carrying any potions.
You aren't carrying any potions.
You aren't carrying any potions.
You aren't carrying any potions.
You aren't carrying any potions.
* * * LOW HITPOINT WARNING * * *
You feel sick.
You see here a leopard gecko corpse.
You butcher the leopard gecko corpse.
* * * LOW HITPOINT WARNING * * *
You feel sick.
Things that are here:
2 chunks of flesh; a leopard gecko skeleton
* * * LOW HITPOINT WARNING * * *
You feel sick.
You die...

#≈.. #. .#.##
######≈≈. #. #....
#§§≈≈≈≈≈. #.##...#
#≈...§≈≈. #.#....#
+§§...... #.#....#
#≈...≈≈≈§ .#####.....#
#§≈§≈§§≈. .......#...#
########≈≈. #.@...#
#..(...#≈..
#...#.%.###.##...#≈..
##.##.......###.##§..
.......#.#####...##≈§.
.##.##..$.........###§
#. # ###...>.......)..
. ...######.##### ##.#
#.# .# #.#


There were no monsters in sight!

Vanquished Creatures
  An adder (D:2)
  An ooze (D:1)
  3 dart slugs
  2 leopard geckos (D:2)
  6 bats
  4 giant cockroaches
  5 goblins
  5 hobgoblins
  2 jackals (D:1)
  A frilled lizard (D:1)
  3 kobolds (D:1)
  4 rats
37 creatures vanquished.

Notes
Turn   | Place    | Note
-------+----------+-------------------------------------------
     0 | Abyss:1  | Gorglomux the Demonspawn Abyssal Knight began the quest for the Orb.
     0 | Abyss:1  | Reached XP level 1. HP: 18/18 MP: 2/2
    40 | Abyss:1  | Found a deep blue altar of Sif Muna.
    51 | Abyss:1  | Noticed a small abomination
   102 | Abyss:1  | Noticed a ynoxinul
   123 | D:1      | Escaped the Abyss
   174 | D:1      | Reached * piety under Lugonu
   178 | D:1      | Gained mutation: You are partially covered in yellow scales. (AC +2) [demonic ancestry]
   178 | D:1      | Reached XP level 2. HP: 11/24 MP: 3/3
   495 | D:1      | Reached skill level 3 in Axes
   748 | D:1      | Gained mutation: When hurt, damage is shared between your health and your magic reserves. [demonic ancestry]
   748 | D:1      | Reached XP level 3. HP: 29/29 MP: 4/4
  1033 | D:2      | Reached ** piety under Lugonu
  1037 | D:2      | HP: 1/29 [poisoned by an adder]
  1038 | D:2      | Succumbed to an adder's poison

Vault maps used:
D:1:      nicolae_arrival_memento_mori
D:2:      nicolae_tso_carved_into_rock, tgw_xom, first_bread,
          kennysheep_minor_cross
Abyss:1:  evilmike_abyss_exit_plants, guppyfry_abyss_exit_imp_island

Skill      XL: |  1  2 |
---------------+-------+-----
Axes           | 2 3 |  3.8
Fighting       | |  3.0
Armour         | |  1.7
Dodging        | |  0.8
Invocations    | |  2.4

Action                   || total
-------------------------++-------
Melee: Hand axe          ||   114
Invok: Depart the Abyss  ||     1
Armor: Leather armour    ||    50
Dodge: Dodged            ||   114
